 Dungeon Sprint DCSS version 0.30.1-1-g62c8e00024 (webtiles) character file.

Game seed: 14582939860293175920

412 boopmooplesden the Fighter (level 6, -6/88 HPs)
             Began as a Demonspawn Berserker on July 15, 2023.
             Was a Believer of Trog.
             Mangled by a sun demon (11 damage)
             ... summoned by a kobold demonologist
             ... while paralysed by a floating eye
             ... in the Dungeon (Sprint I: "Red Sonja").
             The game lasted 00:00:53 (912 turns).

boopmooplesden the Fighter (Demonspawn Berserker)    Turns: 912, Time: 00:00:53

Health: -6/88      AC:  3    Str: 19    XL:     6   Next: 59%
Magic:  6/6        EV:  2    Int:  9    God:    Trog [**....]
Gold:   270        SH:  0    Dex: 12    Spells: 5/5 levels left

rFire   . . .        k - +0 scythe
rCold   . . .        (shield currently unavailable)
rNeg    . . .        j - +0 leather armour
rPois   .            (helmet restricted)
rElec   .            (no cloak)
rCorr   .            (no gloves)
SInv    .            (no boots)
Will    .....        (no amulet) Stlth
                     (no ring)
HPRegen 0.34/turn    (no ring)
MPRegen 0.10/turn

%: no teleportation
@: paralysed, berserking (expiring)
A: antennae 2, sturdy frame 1
a: Renounce Religion, Berserk, Trog's Hand


You were in the Dungeon.
You worshipped Trog.
Trog was pleased with you.
You visited 1 branch You collected 270 gold pieces.

Inventory:

Hand Weapons
 a - a +0 spear
 k - a +0 scythe (weapon)
Armour
 b - a +0 animal skin
 j - a +0 leather armour (worn)
Wands
 i - a wand of iceblast (9)
Scrolls
 h - a scroll of blinking
Potions
 c - a potion of curing
 d - a potion of heal wounds
 e - a potion of haste
 f - 2 potions of magic
 g - a potion of berserk rage


   Skills:
 + Level 9.4 Fighting
 + Level 8.9 Polearms
 + Level 4.2 Armour
 + Level 4.5 Dodging
 + Level 0.2 Stealth


You had 5 spell levels left.
You didn't know any spells.
Your spell library was empty.

Dungeon Overview and Level Annotations

Branches:
Dungeon (1/1)

Altars:
Makhleb
Xom
Jiyva
Lugonu


Innate Abilities, Weirdness & Mutations

You have a pair of antennae on your head.
Your movements are slightly less encumbered by armour. (ER -2)


Message History

The ufetubus closely misses you.
You barely miss the ufetubus. The ufetubus misses you.
The ufetubus barely misses you.
A kobold demonologist comes into view. It is wielding a +0 dagger of venom.
You miss the ufetubus. The ufetubus hits you. The ufetubus closely misses you.
The kobold demonologist gestures wildly while chanting.
You closely miss the ufetubus. The ufetubus hits you. x2
You slice the ufetubus!!
You kill the ufetubus!
The ufetubus disappears in a puff of smoke!
You miss the quasit. The quasit closely misses you.
The quasit claws you but does no damage.
The quasit misses you.
The kobold demonologist gestures wildly while chanting.
You hit the quasit.
The quasit is moderately wounded.
The quasit bites you.
The quasit claws you but does no damage.
The quasit completely misses you.
You miss the quasit.
The quasit is moderately wounded.
The quasit misses you. The quasit closely misses you. The quasit misses you.
You miss the quasit.
The quasit is moderately wounded.
You closely miss the sun demon. You slice the sun demon!!
The sun demon is heavily wounded.
The kobold demonologist looks satisfied for a moment.
The floating eye's stare focuses on you.
The sun demon hits you!
You are engulfed in flames!
You hit the sun demon.
The sun demon is heavily wounded.
The floating eye gazes piercingly through you!
You suddenly lose the ability to move!
The sun demon hits you!!
You are engulfed in flames!
* * * LOW HITPOINT WARNING * * *
The sun demon hits you!!
* * * LOW HITPOINT WARNING * * *
You are engulfed in flames!
You die...

######################
.)'..#.['..#__#..3GK3#
..#.)'..#..'..'.@#5
####'#####+#__####{
#..# #### #### { {


You could see a sun demon (summoned), a kobold demonologist, a neqoxec
(summoned) and a floating eye.

Vanquished Creatures
  A slime creature (D)
  Sigmund (D)
  An ogre (D)
  Ijyb (D)
4 creatures vanquished.

Notes
Turn   | Place    | Note
-------+----------+-------------------------------------------
     0 | D        | boopmooplesden the Demonspawn Berserker began the quest for
                  | the Orb.
     0 | D        | Reached XP level 1. HP: 18/18 MP: 1/1
     3 | D        | Noticed Ijyb
    11 | D        | Killed Ijyb
    12 | D        | Reached skill level 4 in Fighting
    12 | D        | Gained mutation: You have a pair of small antennae on your
                  | head. [demonic ancestry]
    12 | D        | Reached XP level 2. HP: 13/26 MP: 2/2
    81 | D        | Noticed an ogre
    84 | D        | Killed an ogre
    85 | D        | Reached skill level 6 in Fighting
    85 | D        | Reached skill level 5 in Polearms
    85 | D        | Gained mutation: Your movements are slightly less
                  | encumbered by armour. (ER -2) [demonic ancestry]
    85 | D        | Reached XP level 3. HP: 35/35 MP: 3/3
    85 | D        | Reached XP level 4. HP: 41/41 MP: 4/4
   240 | D        | Noticed Sigmund
   254 | D        | Killed Sigmund
   254 | D        | Reached ** piety under Trog
   255 | D        | Reached skill level 8 in Fighting
   255 | D        | Reached XP level 5. HP: 27/49 MP: 5/5
   531 | D        | Found a burning altar of Makhleb.
   531 | D        | Found a viscous altar of Jiyva.
   531 | D        | Found a shimmering altar of Xom.
   531 | D        | Found a corrupted altar of Lugonu.
   531 | D        | Noticed a slime creature
   538 | D        | Killed a slime creature
   539 | D        | Reached skill level 9 in Fighting
   539 | D        | Gained mutation: You have a pair of antennae on your head.
                  | [demonic ancestry]
   539 | D        | Reached XP level 6. HP: 17/59 MP: 6/6
   898 | D        | Noticed a kobold demonologist
   898 | D        | Noticed a floating eye
   901 | D        | Noticed a kobold demonologist
   907 | D        | Noticed a neqoxec
   909 | D        | Noticed a sun demon
   911 | D        | Paralysed by a floating eye for 3 turns
   912 | D        | Mangled by a sun demon

Illustrated notes

Levels and vault maps discovered:
D:        dungeon_sprint_1 [red_sonja_temple_1, red_sonja_temple_small_1]

Skill      XL: |  1  2  3  4  5 |
---------------+----------------+-----
Fighting       | 4 6 8 9 |  9.4
Polearms       | 4 5 7 8 |  8.9
Armour         | 2 3 4 |  4.2
Dodging        | 2 3 4 |  4.5
Stealth        | |  0.2

Action                     |  1- 3 |  4- 6 || total
---------------------------+-------+-------++-------
  Melee: Spear             |     9 |     8 ||    17
         Halberd           |       |    18 ||    18
 Invoke: Berserk           |     2 |     3 ||     5
 Armour: Leather armour    |       |     2 ||     2
  Dodge: Dodged            |     1 |    15 ||    16
